Map: Abyssal Reef LE

Players

PanTo - Winner!

  • Race: Terran Terran
  • League: Diamond
  • Spawn Location: 11:00

GangusKaun

  • Race: Protoss Protoss
  • League: Gold
  • Spawn Location: 5:00

VOD

Have the link to the VOD?

Description

Time

  • Played on: Dec. 4, 2024, 7:29 a.m.
  • Length: 11:05
Show
View Real Time Build Order
Export as new Build Order

PanTo Terran - Winner!

Build Orders: Reaper Expand 

Get SALT Encoding   

  12  0:00  SCV  
  13  0:12  SCV  
  14  0:17  Supply Depot  
  14  0:24  SCV  
  15  0:39  SCV  
  15  0:41  Barracks  
  16  0:46  Refinery  
  16  0:51  SCV  
  17  1:03  SCV  
  18  1:15  SCV  
  19  1:28  Reaper, Orbital Command  
  20  1:50  Supply Depot  
  20  1:55  SCV  
  20  1:56  Command Center  
  21  2:01  Barracks Reactor  
  21  2:09  Refinery  
  21  2:16  Bunker  
  21  2:20  SCV  
  22  2:26  Factory  
  22  2:37  SCV  
  23  2:46  Marine x2  
  23  2:49  SCV  
  26  3:04  Marine x2  
  26  3:05  SCV  
  29  3:09  Orbital Command  
  29  3:12  Starport  
  29  3:22  Factory Tech Lab, Marine x2  
  31  3:27  SCV  
  32  3:44  Marine x2, Cyclone  
  36  3:48  Orbital Command  
  36  3:51  Bunker  
  36  3:53  Medivac  
  38  3:55  SCV  
  39  4:05  Barracks x2  
  39  4:07  Marine  
  39  4:08  Marine  
  41  4:10  SCV  
  42  4:23  SCV  
  42  4:24  SCV  
  44  4:26  Starport Tech Lab  
  44  4:32  Engineering Bay  
  44  4:35  Marine x2  
  46  4:42  Supply Depot  
  46  4:55  Supply Depot  
  46  5:02  Factory Reactor  
  46  5:04  Raven, Marine x2  
  46  5:05  Marine, Stimpack  
  46  5:06  Marine, Supply Depot  
  52  5:09  SCV x2  
  54  5:15  Terran Infantry Weapons Level 1  
  54  5:20  Missile Turret  
  54  5:21  SCV x2  
  54  5:23  Missile Turret  
  54  5:27  Marine x2, Refinery  
  54  5:28  Marine  
  59  5:34  SCV x2  
  61  5:35  Marine  
  62  6:10  Combat Shield  
  62  6:11  Marine x4  
  59  6:12  Medivac x2  
  59  6:15  SCV x2  
  69  6:23  Refinery  
  69  6:27  SCV  
  69  6:31  Marine  
  70  6:34  SCV  
  70  6:54  SCV, Supply Depot  
  70  7:02  Concussive Shells  
  70  7:03  Factory Reactor  
  70  7:06  Supply Depot  
  70  7:09  Terran Infantry Armor Level 1  
  70  7:12  Supply Depot  
  70  7:15  Marine x4  
  70  7:16  SCV x2, Viking  
  70  7:17  Supply Depot  
  70  7:18  Command Center  
  78  7:27  Medivac  
  78  7:28  SCV  
  81  7:32  Barracks  
  81  7:33  Marine  
  81  7:35  Marauder x2, Marine  
  81  7:36  Barracks  
  87  7:39  Armory  
  87  7:40  Engineering Bay  
  82  8:06  Marauder x2, Marine x2  
  82  8:07  Widow Mine x2, Medivac x2  
  82  8:08  SCV x2  
  98  8:20  SCV x2  
  98  8:23  Marine  
  98  8:24  Supply Depot x2  
  101  8:28  Barracks Tech Lab x2  
  101  8:30  Widow Mine x2  
  101  8:33  Supply Depot  
  105  8:43  Marine  
  105  8:44  Marauder x2, Marine, Liberator  
  117  8:55  Marauder  
  117  8:56  Marauder  
  117  9:01  Marine x2  
  119  9:13  SCV x2  
  121  9:22  Marauder x2, Marine  
  121  9:23  Marauder x2, Marine, Missile Turret  
  131  9:31  Refinery  
  131  9:32  Ghost Academy  
  131  9:33  Supply Depot  
  131  9:58  Marauder x4, Marine x2  
  141  10:06  Orbital Command  
  141  10:08  SCV x2  
  143  10:19  Marine  
  143  10:20  SCV, Marine  
  146  10:23  SCV  
Show
View Real Time Build Order
Export as new Build Order

GangusKaun Protoss 

Build Orders: Zealot Archon 

Get SALT Encoding   

  12  0:12  Probe  
  12  0:13  Pylon  
  13  0:23  Probe  
  14  0:35  Gateway  
  14  0:37  Probe  
  15  0:44  Assimilator  
  15  0:50  Probe  
  16  1:02  Probe  
  17  1:14  Probe  
  18  1:24  Cybernetics Core  
  18  1:26  Probe  
  19  1:38  Probe  
  20  1:55  Nexus  
  20  2:01  Pylon  
  20  2:03  Adept  
  20  2:07  Assimilator  
  20  2:15  Warp Gate  
  22  2:26  Probe  
  23  2:35  Adept  
  22  2:37  Shield Battery  
  24  2:56  Twilight Council  
  24  2:57  Probe  
  25  3:39  Probe  
  25  3:40  Probe  
  27  3:51  Probe  
  27  3:53  Probe  
  29  4:01  Dark Shrine  
  29  4:03  Probe  
  29  4:05  Probe  
  31  4:10  Pylon  
  31  4:15  Probe  
  32  4:17  Probe  
  32  4:18  Robotics Facility  
  32  4:23  Gateway  
  33  4:29  Gateway  
  33  4:30  Shield Battery  
  33  4:35  Shield Battery  
  33  4:36  Probe x2  
  35  4:42  Forge  
  35  4:44  Assimilator  
  35  4:48  Probe x2  
  37  4:57  Pylon  
  37  4:59  Stalker  
  39  5:00  Probe  
  39  5:01  Probe  
  41  5:07  Warp Prism  
  43  5:17  Dark Templar  
  45  5:22  Dark Templar  
  47  5:30  Probe x2  
  49  5:36  Assimilator  
  49  5:43  Shield Battery  
  49  5:44  Gateway  
  49  5:45  Gateway  
  49  5:48  Gateway  
  45  5:54  Dark Templar x2  
  45  6:05  Stalker  
  47  6:15  Archon  
  47  6:26  Dark Templar  
  49  6:33  Zealot x2  
  43  6:55  Probe x2  
  43  7:02  Stalker  
  45  7:21  Probe x2  
  47  7:28  Pylon  
  47  7:29  Photon Cannon  
  47  7:32  Photon Cannon  
  47  7:34  Blink  
  47  7:35  Robotics Bay  
  47  7:37  Pylon  
  47  7:42  Pylon  
  47  7:43  Pylon  
  47  7:52  Immortal  
  51  8:04  Zealot x3  
  51  8:05  Zealot x2  
  36  8:27  Dark Templar x2  
  34  8:55  Colossus  
  26  9:21  Zealot x3  
  32  9:34  Probe  
  33  9:46  Probe  
  34  10:07  Nexus  
  34  10:08  Pylon  
  34  10:09  Probe  
  35  10:17  Probe  
  35  10:25  Probe  
  43  10:36  Probe  
  44  10:48  Probe  
Tags
 
Add a new tag
Caveats
  • Supply blocks, unpowered buildings, or Contaminate may cause inaccurate times.
  • Supply counts are checked every 10 seconds.